 Dungeon Crawl Stone Soup version 0.30-a0-1053-gbd8d5ba0ad (webtiles) character file.

Game seed: 13181460692040705832

202 Newt the Trooper (level 5, -8/42 HPs)
             Began as a Demonspawn Gladiator on Apr 11, 2023.
             Frozen to death by SirDiesAlot's ghost (12 damage)
             ... on level 3 of the Dungeon.
             The game lasted 00:02:43 (2828 turns).

Newt the Trooper (Demonspawn Gladiator)             Turns: 2828, Time: 00:02:43

Health: -8/42      AC:  4    Str: 17    XL:     5   Next: 50%
Magic:  5/5        EV: 12    Int:  9    God:
Gold:   168        SH:  0    Dex: 14    Spells: 4/4 levels left

rFire   + . .      SeeInvis .    j - +1 falchion
rCold   . . .      Faith    .    (no shield)
rNeg    . . .      Spirit   .    b - +0 leather armour
rPois   .          Reflect  .    c - +0 helmet
rElec   .          Rampage  .    (no cloak)
rCorr   .                        (no gloves)
Will    .....                    (no boots)
Stlth   +                        (no amulet)
HPRegen 0.27/turn                g - ring of protection from fire
MPRegen 0.09/turn                (no ring)

@: mighty, hasted, very quick
A: hooves 2, foul stench 1
a: no special abilities


You were on level 3 of the Dungeon.
You visited 1 branch of the dungeon, and saw 3 of its levels.

You collected 168 gold pieces.

Inventory:

Hand Weapons
 a - a +0 rapier
 j - a +1 falchion (weapon)
Missiles
 d - a throwing net (quivered)
 l - 10 poisoned darts
Armour
 b - a +0 leather armour (worn)
 c - a +0 helmet (worn)
Jewellery
 g - a ring of protection from fire (left hand)
Scrolls
 e - a scroll of identify
 h - a scroll of amnesia
 i - 2 scrolls of poison
 k - a scroll of teleportation
Potions
 f - 3 potions of curing
 p - 2 potions of heal wounds
 q - a potion of cancellation {unknown}


   Skills:
 - Level 4.0 Fighting
 - Level 2.6(3.5) Short Blades
 - Level 3.4(4.0) Long Blades
 - Level 1.7 Throwing
 + Level 0.6 Armour
 - Level 2.6 Dodging


You had 4 spell levels left.
You didn't know any spells.
Your spell library was empty.

Dungeon Overview and Level Annotations

Branches:
Dungeon (3/15)

Altars:

Shops:
D:1 =

Annotations:
D:3 SirDiesAlot's ghost, amateur MfIE


Innate Abilities, Weirdness & Mutations

You have hoof-like feet.
You may rarely emit foul miasma when damaged in melee.


Message History

Diodin's ghost is heavily damaged.
You slash diodin's ghost!
Diodin's ghost is severely damaged.
Diodin's ghost hits you!
You hit diodin's ghost. Your punch misses diodin's ghost.
Diodin's ghost is almost destroyed.
Diodin's ghost wails, "I have seen your future, and it is all used up."
Diodin's ghost misses you.
Throw: javelin
Press: ? - help, Shift-Dir - straight line, f - diodin's ghost
Aim: diodin's ghost (almost destroyed, 64% to hit)
You throw a javelin.
The javelin pierces through diodin's ghost.
Diodin's ghost is almost destroyed.
The javelin closely misses SirDiesAlot's ghost.
Diodin's ghost hits you.
Unknown command.
Unknown command.
You slash diodin's ghost!
You destroy diodin's ghost!
Training target 4.0 for Long Blades reached!
Your base Long Blades skill increases to level 3!
You need to enable at least one skill for training.
You have reached level 5!
SirDiesAlot's ghost hits you.
You slash SirDiesAlot's ghost! You kick SirDiesAlot's ghost.
SirDiesAlot's ghost is moderately damaged.
SirDiesAlot's ghost hits you.
You hit SirDiesAlot's ghost.
SirDiesAlot's ghost is heavily damaged.
SirDiesAlot's ghost freezes you.
You are frozen!
* * * LOW HITPOINT WARNING * * *
You closely miss SirDiesAlot's ghost. Your kick misses SirDiesAlot's ghost.
SirDiesAlot's ghost is heavily damaged.
You slash SirDiesAlot's ghost!
SirDiesAlot's ghost is almost destroyed.
SirDiesAlot's ghost freezes you.
You are frozen!
You die...

#.# #..#....8##....#
#.# #..#.....[####.#
#.######..'......* #.#
#.....(...'..:..⌠* #.#
#..###.#..'..[..P* #.#
#..###.#..#.....$* #.#
#.........#....8#* #)#
##.###W####.⌠.$## #)#
#.# #@# ###### #)# #.#
#.# #....# #.# #.# #.#
#.#### #.# #.# #.# #.#
###.# #.# #.# #.#
#.... #.# #.#
#.#######.>.. #.#
#.####.÷.......).. #.#
#......#######....
#.########............


You could see SirDiesAlot's ghost.

Vanquished Creatures
  The ghost of diodin the Ruffian, an amateur TrTm (D:3)
  4 gnolls (D:3)
  2 adders (D:3)
  9 ball pythons
  6 endoplasms
  5 giant cockroaches
  2 goblins (D:1)
  4 hobgoblins (D:1)
  4 kobolds
  9 quokkas
  3 bats
  5 frilled lizards
  3 rats (D:1)
57 creatures vanquished.

Vanquished Creatures (others)
  5 withered plants (D:3)
5 creatures vanquished.

Grand Total: 62 creatures vanquished

Notes
Turn   | Place    | Note
-------+----------+-------------------------------------------
     0 | D:1      | Newt the Demonspawn Gladiator began the quest for the Orb.
     0 | D:1      | Reached XP level 1. HP: 16/16 MP: 1/1
   250 | D:1      | Gained mutation: You have large cloven feet. [demonic
                  | ancestry]
   250 | D:1      | Reached XP level 2. HP: 15/23 MP: 2/2
   391 | D:1      | Reached skill level 3 in Fighting
   641 | D:1      | Gained mutation: You may rarely emit foul miasma when
                  | damaged in melee. [demonic ancestry]
   641 | D:1      | Reached XP level 3. HP: 15/29 MP: 3/3
   814 | D:1      | Found Estiackaet's Jewellery Boutique.
  1740 | D:3      | Reached skill level 4 in Fighting
  1877 | D:3      | Reached skill level 1 in Long Blades
  1919 | D:3      | Gained mutation: You have hoof-like feet. [demonic
                  | ancestry]
  1919 | D:3      | Reached XP level 4. HP: 21/37 MP: 4/4
  2500 | D:3      | Found a runed translucent gate.
  2500 | D:3      | Found a runed translucent gate.
  2501 | D:3      | Found a runed translucent gate.
  2503 | D:3      | Noticed diodin's ghost (amateur TrTm)
  2503 | D:3      | Noticed SirDiesAlot's ghost (amateur MfIE)
  2823 | D:3      | Killed diodin's ghost
  2824 | D:3      | Reached XP level 5. HP: 24/42 MP: 5/5
  2828 | D:3      | Frozen to death by SirDiesAlot's ghost

Illustrated notes

Levels and vault maps discovered:
D:1:      pf_arrival_petrified_forest, layout_basic, serial_shops,
          nicolae_shop_statue_plus
D:2:      layout_rooms, kennysheep_big_empty_room, st_stairs_13,
          kennysheep_pointless_box
D:3:      layout_loops_ring, gammafunk_ghost_cemetery

Skill      XL: |  1  2  3  4 |
---------------+-------------+-----
Fighting       | 3 4 |  4.0
Long Blades    | 1 3 |  3.4
Short Blades   | |  2.6
Throwing       | |  1.7
Armour         | |  0.6
Dodging        | |  2.6

Action                     |  1- 3 |  4- 6 || total
---------------------------+-------+-------++-------
  Melee: Rapier            |    42 |       ||    42
         Falchion          |    79 |    46 ||   125
         Kick              |    28 |    17 ||    45
         Punch             |     1 |     1 ||     2
  Throw: Javelin           |       |     2 ||     2
         Throwing net      |       |     2 ||     2
    Use: Scroll            |     7 |       ||     7
         Potion            |     1 |     3 ||     4
   Stab: Sleeping          |     2 |       ||     2
 Armour: Leather armour    |    34 |     9 ||    43
  Dodge: Dodged            |    74 |    25 ||    99

Table legend: (Time is in decaauts)
 A = Elapsed time spent in this place.
 B = Non-inter-level travel time spent in this place.
 C = Inter-level travel time spent in this place.
 D = Time resting spent in this place.
 E = Time spent auto-exploring this place.
 F = Levels seen in this place.
 G = Mean time per level.
                   A        B        C        D        E       F      G
               +--------+--------+--------+--------+--------+-----+--------+
         Total |   2847 |   2800 |     47 |    480 |   1927 |   3 |  949.0 |
       Dungeon |   2847 |   2800 |     47 |    480 |   1927 |   3 |  949.0 |
               +--------+--------+--------+--------+--------+-----+--------+

Top non-repeatable levels by time:
     D:3: 1153 daAuts
     D:1: 1032 daAuts
     D:2: 661 daAuts
